 Dungeon Crawl Stone Soup version 0.28.0-53-g5a82cb258f (webtiles) character file.

Game seed: 1318935747196073709

4490 Sin92 the Cleaver (level 10, -3/77 HPs)
             Began as a Demonspawn Fighter on Aug 23, 2022.
             Was a Believer of Okawaru.
             Killed from afar by Joseph (14 damage)
             ... with a bolt of acid
             ... on level 7 of the Dungeon.
             The game lasted 00:10:02 (7212 turns).

Sin92 the Cleaver (Demonspawn Fighter)              Turns: 7212, Time: 00:10:03

Health: -3/77      AC: 12    Str: 21    XL:     10   Next: 16%
Magic:  10/10      EV:  9    Int:  9    God:    Okawaru [**....]
Gold:   304        SH:  5    Dex: 13    Spells: 9/9 levels left

rFire   . . .      SeeInvis .   a - +2 war axe (vorpal)
rCold   . . .      Faith    .   c - +0 buckler
rNeg    . . .      Spirit   .   m - +3 chain mail
rPois   +          Reflect  .   l - +2 hat
rElec   .          Harm     .   e - +0 cloak
rCorr   .          Rampage  .   (no gloves)
Will    +....                   (no boots)
Stlth   ..........              t - amulet of the acrobat
HPRegen 0.22/turn               u - ring of willpower
MPRegen 0.12/turn               s - ring of poison resistance

@: corroded
A: claws 1, horns 2, ignite blood 1, demonic magic 1, weakness stinger 2
a: Renounce Religion, Heroism


You were on level 7 of the Dungeon.
You worshipped Okawaru.
Okawaru was pleased with you.
You visited 2 branches of the dungeon, and saw 8 of its levels.
You also visited: Ossuary.

You collected 304 gold pieces.

Inventory:

Hand Weapons
 a - a +2 vorpal war axe (weapon)
 o - a +1 whip of flaming
Armour
 b - a +0 scale mail
 c - a +0 buckler (worn)
 e - a +0 cloak (worn)
 l - a +2 hat (worn)
 m - a +3 chain mail (worn)
Jewellery
 s - a ring of poison resistance (right claw)
 t - an amulet of the acrobat (around neck)
 u - a ring of willpower (left claw)
 y - an amulet of regeneration
Wands
 g - a wand of acid (3)
 j - a wand of mindburst (18)
Scrolls
 n - 2 scrolls of teleportation
 q - 2 scrolls of fear
 w - a scroll of identify
Potions
 d - 2 potions of might
 f - 7 potions of attraction
 h - 2 potions of flight
 i - 4 potions of curing
 k - 2 potions of cancellation {unknown}
 p - a potion of brilliance {unknown}
 r - 3 potions of haste
 v - 2 potions of lignification {unknown}
 x - a potion of degeneration
 z - 2 potions of ambrosia {unknown}
 B - 2 potions of heal wounds


   Skills:
 + Level 6.8 Fighting
 * Level 8.2 Axes
 + Level 6.1 Armour
 + Level 5.2 Dodging
 + Level 6.1 Shields


You had 9 spell levels left.
You didn't know any spells.
Your spell library contained the following spells:

 Spells                   Type           Power      Damage    Failure   Level
 Apportation              Tloc           0%         N/A       99%         1
 Conjure Flame            Conj/Fire      0%         6-21      100%        3
 Ignite Poison            Fire/Tmut/Pois 0%         N/A       100%        3
 Sticky Flame             Conj/Fire      0%         2d3       100%        4
 Animate Skeleton         Necr           Unusable   N/A       N/A         1
 Summon Small Mammal      Summ           Unusable   N/A       N/A         1

Dungeon Overview and Level Annotations

Branches:
Dungeon (7/15)             Temple (1/1) D:5         Ossuary (visited)

Altars:
Ashenzari
Cheibriados
Dithmenos
Elyvilon
Gozag
Makhleb
Okawaru
Qazlal
Ru
Sif Muna
Trog
Uskayaw
Wu Jian
Xom
Yredelemnul
Zin
The Shining One

Shops:
D:5 [=!

Annotations:
D:7 Joseph


Innate Abilities, Weirdness & Mutations

You have sharp fingernails.
You have a pair of horns on your head.
Your demonic aura sometimes causes spilled blood to erupt in flames.
Spells you cast may paralyse adjacent enemies.
You have a tail ending in a sharp stinger.


Message History

A puff of flame appears from out of thin air!
The puff of flame hits you but does no damage.
You slash something! Okawaru accepts your kill.
Reactivating autopickup.
You feel a bit more experienced.
Joseph unwields a +0 quarterstaff.
Joseph wields a +0 hunting sling.
Joseph shoots a sling bullet.
The sling bullet barely misses you.
Items here: ))) [.
No target in view!
No target in view!
No target in view!
You see here a hound corpse.
Things that are here:
a +0 mace; an orc corpse
Found a long smoking staff.
Joseph zaps a wand.
The bolt of acid misses you.
Things that are here:
a +0 mace; an orc corpse You hit Joseph.
Joseph is lightly wounded.
Joseph unwields a +0 hunting sling.
Joseph wields a +0 quarterstaff.
Joseph hits you but does no damage.
You slash Joseph! You headbutt Joseph, but do no damage.
You tail-slap Joseph, but do no damage.
Joseph is moderately wounded.
Joseph hits you with a +0 quarterstaff!
You closely miss Joseph. You headbutt Joseph.
Joseph is moderately wounded.
Joseph says, "You will never get the ORB, sorry."
Joseph hits you with a +0 quarterstaff!
You barely miss Joseph. You headbutt Joseph!
Joseph is heavily wounded.
Joseph zaps a wand.
The bolt of acid hits you!
You closely miss Joseph.
Joseph is heavily wounded.
Joseph zaps a wand.
The bolt of acid hits you!!
* * * LOW HITPOINT WARNING * * *
The acid corrodes you!
Joseph zaps a wand.
The bolt of acid hits you!
You die...

..)##..###### #
...###.# #.[ .## ...#
#.###.# ..# #
).####..##.# #.# .#
.>...##....## #.# ..|
...#..###(..###.# ..#
...##...........## ..#
...######.......†##...#
...# #.###.))@....#
..## #.# #.#@##...# .##
#.# #.....#..# ## ..#
###......# .# .....#.<.
####...... ...###. ....
.##.


You could see Joseph.

Vanquished Creatures
  Pikel (D:4)
  Maggie (D:6)
  Grinder (D:4)
  Sigmund (D:2)
  A wyvern (D:7)
  Eustachio (D:6)
  Edmund (D:5)
  2 water moccasins
  A black bear (D:5)
  Duvessa (D:6)
  An ice beast (D:6)
  2 necrophages (D:5)
  2 ogres (D:6)
  A centaur (D:3)
  2 lemures (D:4)
  A phantom (D:6)
  Blork the orc (D:5)
  A bullfrog (D:7)
  12 scorpions
  Dowan (D:6)
  A howler monkey (D:6)
  A bullfrog zombie (D:5)
  A jelly (D:6)
  3 hounds
  Crazy Yiuf (D:2)
  5 orc priests
  A gnoll shaman (D:4)
  A bullfrog skeleton (D:5)
  2 human zombies (Ossuary)
  Ijyb (D:4)
  2 iguanas
  4 scorpion zombies (Ossuary)
  Natasha (thrice) (D:2)
  6 orc wizards
  A killer bee zombie (D:6)
  A hound skeleton (D:5)
  3 mummies (Ossuary)
  7 gnolls (D:4)
  4 adders
  A white imp (D:5)
  An ufetubus (D:5)
  An adder skeleton (D:4)
  A worm (D:2)
  A dart slug (D:2)
  15 orcs
  2 bats (D:1)
  7 endoplasms
  2 giant cockroaches (D:1)
  8 goblins
  3 hobgoblins
  3 kobolds
  5 quokkas
  6 ball pythons
  3 frilled lizards
  A gnoll zombie (Ossuary)
  2 goblin zombies (Ossuary)
  3 hobgoblin zombies (Ossuary)
  A kobold zombie (Ossuary)
  An orc zombie (Ossuary)
  6 rats
156 creatures vanquished.

Vanquished Creatures (others)
  11 plants (D:2)
11 creatures vanquished.

Grand Total: 167 creatures vanquished

Notes
Turn   | Place    | Note
-------+----------+-------------------------------------------
     0 | D:1      | Sin92 the Demonspawn Fighter began the quest for the Orb.
     0 | D:1      | Reached XP level 1. HP: 18/18 MP: 1/1
   429 | D:1      | Reached skill level 2 in Axes
   462 | D:1      | Gained mutation: Spells you cast may paralyse adjacent
                  | enemies. [demonic ancestry]
   462 | D:1      | Reached XP level 2. HP: 23/24 MP: 2/2
   869 | D:2      | Found a runed translucent door.
   870 | D:2      | Noticed Crazy Yiuf
   951 | D:2      | Noticed Natasha
   959 | D:2      | Killed Natasha
   960 | D:2      | Discovered your monstrous ancestry.
   960 | D:2      | Gained mutation: You have a small tail. [demonic ancestry]
   960 | D:2      | Reached XP level 3. HP: 4/29 MP: 3/3
  1297 | D:2      | Noticed Natasha
  1304 | D:2      | Killed Natasha
  1305 | D:2      | Reached skill level 1 in Dodging
  1305 | D:2      | Gained mutation: You have sharp fingernails. [demonic
                  | ancestry]
  1305 | D:2      | Reached XP level 4. HP: 27/35 MP: 4/4
  1401 | D:2      | Noticed Sigmund
  1416 | D:2      | Killed Sigmund
  1417 | D:2      | Reached skill level 3 in Axes
  1417 | D:2      | Gained mutation: You have a tail ending in a sharp stinger.
                  | [demonic ancestry]
  1417 | D:2      | Reached XP level 5. HP: 9/42 MP: 5/5
  1478 | D:2      | Noticed Natasha
  1483 | D:2      | Killed Natasha
  1731 | D:2      | Found a bloodstained altar of Trog.
  1772 | D:2      | Gained mutation: Your demonic aura sometimes causes spilled
                  | blood to erupt in flames. [demonic ancestry]
  1772 | D:2      | Reached XP level 6. HP: 48/48 MP: 6/6
  1973 | D:2      | Killed Crazy Yiuf
  2846 | D:3      | Reached skill level 4 in Axes
  3283 | D:4      | Noticed Ijyb
  3288 | D:4      | Reached XP level 7. HP: 26/54 MP: 7/7
  3291 | D:4      | Killed Ijyb
  3469 | D:4      | Found a stormy altar of Qazlal.
  3470 | D:4      | Found an ornate altar of the Wu Jian Council.
  3619 | D:4      | Noticed Pikel
  3635 | D:4      | Killed Pikel
  3636 | D:4      | Reached skill level 5 in Axes
  3636 | D:4      | Gained mutation: You have a pair of small horns on your
                  | head. [demonic ancestry]
  3636 | D:4      | Reached XP level 8. HP: 35/61 MP: 8/8
  4079 | D:4      | Noticed Grinder
  4079 | D:4      | Paralysed by Grinder for 7 turns
  4100 | D:4      | Killed Grinder
  4334 | D:4      | Identified the +1 leather armour of Servitude {Dex+2}
  4356 | D:5      | Entered Level 5 of the Dungeon
  4356 | D:5      | Found Xovveck's Antique Armour Boutique.
  4392 | D:5      | Noticed Blork the orc
  4402 | D:5      | Killed Blork the orc
  4403 | D:5      | Reached skill level 5 in Fighting
  4412 | D:5      | Found a sand-covered staircase.
  4420 | Ossuary  | Entered an ossuary
  4630 | Ossuary  | Reached skill level 6 in Axes
  4819 | Ossuary  | Reached skill level 5 in Shields
  4867 | Ossuary  | Reached skill level 5 in Armour
  4955 | Ossuary  | Gained mutation: You have a pair of horns on your head.
                  | [demonic ancestry]
  4955 | Ossuary  | Reached XP level 9. HP: 57/68 MP: 9/9
  5098 | D:5      | Found a staircase to the Ecumenical Temple.
  5148 | Temple   | Entered the Ecumenical Temple
  5242 | Temple   | Became a worshipper of Warmaster Okawaru
  5312 | D:5      | Noticed Edmund
  5321 | D:5      | Killed Edmund
  5502 | D:5      | Reached skill level 7 in Axes
  5611 | D:5      | Found Duatsiwn's Jewellery Boutique.
  5788 | D:5      | Found Fafryeq's Distillery.
  5831 | D:5      | Reached * piety under Okawaru
  5904 | D:5      | Found Kegecu Doujo's Antique Weapon Boutique.
  6259 | D:6      | Noticed Dowan
  6259 | D:6      | Noticed Duvessa
  6267 | D:6      | Killed Duvessa
  6281 | D:6      | Killed Dowan
  6463 | D:6      | Noticed Maggie
  6479 | D:6      | Killed Maggie
  6479 | D:6      | Reached ** piety under Okawaru
  6480 | D:6      | Reached skill level 5 in Dodging
  6793 | D:6      | Reached skill level 8 in Axes
  6793 | D:6      | Reached XP level 10. HP: 62/77 MP: 10/10
  6861 | D:6      | Noticed Eustachio
  6872 | D:6      | Killed Eustachio
  7198 | D:7      | Noticed Joseph
  7212 | D:7      | Killed from afar by Joseph

Illustrated notes

Levels and vault maps discovered:
D:1:      sevenhm_arrival_forest_fort_small_5, layout_basic,
          grunt_decor_fettered
D:2:      minmay_alternating_diamond, layout_rooms, basic_altar, serial_forest,
          infiniplex_forest_diagonal, infiniplex_forest_lined_1,
          infiniplex_forest_corner_1, infiniplex_forest_clump_C,
          infiniplex_forest_straight_3, infiniplex_forest_clump_medium,
          infiniplex_forest_end_3, uniq_sigmund, uniq_crazy_yiuf_cottage,
          uniq_natasha
D:3:      wad_river_or_something, layout_basic, minmay_misc_feat_cross,
          kennysheep_generic_room_14
D:4:      layout_loops_ring, mainiacjoe_overflow_divided_tiny, st_stairs_11,
          due_unseen_surprise, uniq_pikel, uniq_grinder, uniq_ijyb
D:5:      layout_basic, minmay_temple_entry_drinking_statues, serial_curves,
          eino_curves_01, eino_curves_01, enter_ossuary_2, serial_shops,
          nicolae_stop_n_shop_1, shop, kennysheep_mini,
          nicolae_shop_behind_doors, patterned_corridor, uniq_edmund,
          uniq_blork_the_orc
D:6:      layout_rooms, grunt_decor_one_mirror, uniq_eustachio, uniq_duvessa,
          uniq_maggie
D:7:      layout_rooms, chequers_serial_rivers_room_b, uniq_joseph
Temple:   mainiacjoe_temple_bowtie_tessellation

Skill      XL: |  1  2  3  4  5  6  7  8  9 10 |
---------------+-------------------------------+-----
Axes           | 2 3 4 5 6 8 |  8.2
Armour         | 3 4 5 6 |  6.1
Shields        | 3 4 5 6 |  6.1
Dodging        | 1 2 3 4 5 |  5.2
Fighting       | 4 5 6 |  6.8

Action                   |  1- 3 |  4- 6 |  7- 9 | 10-12 || total
-------------------------+-------+-------+-------+-------++-------
Melee: War axe           |    51 |    91 |   237 |    44 ||   423
       Tailslap          |       |    11 |    28 |     3 ||    42
       Headbutt          |       |       |    50 |     8 ||    58
  Use: Potion            |     2 |     3 |     1 |       ||     6
       Scroll            |     1 |     6 |     8 |       ||    15
Armor: Scale mail        |    20 |    20 |       |       ||    40
       Chain mail        |       |    21 |   137 |    23 ||   181
Dodge: Dodged            |    25 |    32 |    83 |    21 ||   161
Block: Buckler           |     8 |    21 |    47 |     6 ||    82
